 Dungeon Crawl Stone Soup version 0.19-a0-1735-g048f9dc (webtiles) character file.

18 Canardh the Sneak (level 2, -1/13 HPs)
             Began as a Spriggan Enchanter on Sept 30, 2016.
             Killed from afar by a dart slug (5 damage)
             ... with a slug dart
             ... on level 1 of the Dungeon.
             The game lasted 00:05:38 (955 turns).

Canardh the Sneak (Spriggan Enchanter)               Turns: 955, Time: 00:05:39

Health: -1/13      AC:  3    Str:  4    XL:     2   Next: 51%
Magic:  7/7        EV: 18    Int: 16    God:
Gold:   27         SH:  0    Dex: 16    Spells: 2 memorised, 4 levels left

rFire  . . .     SeeInvis +     f - +0 dagger (elec)
rCold  . . .     Gourm    .     b - +1 robe
rNeg   . . .     Faith    .     (shield restricted)
rPois  .         Spirit   .     (helmet restricted)
rElec  .         Dismiss  .     (no cloak)
rCorr  +         Reflect  .     (gloves unavailable)
MR     .....     Harm     .     (boots unavailable)
Stlth  +++....... Rnd*Tele +    (no amulet)
                                g - ring of resist corrosion
                                e - ring of teleportation (curse)

@: very quick
A: unfitting armour, see invisible, herbivore 3, speed 3, slow metabolism 2
a: no special abilities


You were on level 1 of the Dungeon.
You were not hungry.

You visited 1 branch of the dungeon, and saw 1 of its levels.

You collected 27 gold pieces.

Inventory:

Hand Weapons
 a - a +1 dagger
 f - a +0 dagger of electrocution (weapon)
Armour
 b - a +1 robe (worn)
Jewellery
 e - a cursed ring of teleportation (left hand)
 g - a ring of resist corrosion (right hand)
Books
 c - a book of Maledictions

   Spells                             Type                      Level
   a - Corona                         Hexes                        1
   b - Ensorcelled Hibernation        Hexes/Ice                    2
   c - Confuse                        Hexes                        3
   d - Tukima's Dance                 Hexes                        3
   e - Dazzling Spray                 Conjuration/Hexes            3
Comestibles
 d - a bread ration


   Skills:
 + Level 1.2 Short Blades
 + Level 3.2 Dodging
 + Level 4.8 Stealth
 + Level 3.1 Spellcasting
 + Level 4.0 Hexes


You had 4 spell levels left.
You knew the following spells:

 Your Spells              Type           Power        Failure   Level  Hunger
a - Corona                Hex            ###....      4%          1    #......
b - Ensorcelled Hibernat  Hex/Ice        #.....       14%         2    ##.....


Dungeon Overview and Level Annotations

Branches:
Dungeon (1/15)

Altars:


Innate Abilities, Weirdness & Mutations

You are very small and have problems with some larger weapons.
You are too small for most types of armour.
You have supernaturally acute eyesight. (SInv)
You are a herbivore.
You cover ground extremely quickly.
You need consume almost no food.


Message History

The rat misses you. The rat misses you. The rat bites you but does no damage.
The rat closely misses you.
The dart slug bites you but does no damage.
The rat bites you. The dart slug closely misses you. The rat misses you.
The dart slug barely misses you. The rat barely misses you. The rat misses you.
The dart slug bites you but does no damage.
The rat barely misses you.
The dart slug bites you but does no damage.
The rat bites you. The rat barely misses you.
The dart slug launches a dart at you. The slug dart misses you.
The rat bites you. The dart slug launches a dart at you.
The slug dart hits you!
You die...

.# ##.†.###### #.# #####.### .#
##.....## ####.# #........
.####.......## ##.##.# #.###.##.
..##...(.....####...#.###.###.#..
#..+...†.....+...................
..##(........####...#.###.###....
#####((.....## ##.##.# #.# ##.#.
##.....## #######.# #.# #.##
##...## #r@...#.# #.####.## ##+##
#w###.#.# #........ #.# #. #.#
######.## #.# #. ..# #.# ##.## #.
### #.# ###...### #. #.#
##..†....# #. .# #.#
####.#....#.###.... #.#
....###...........# #.##


You could see a dart slug and a rat.

Vanquished Creatures
  A leopard gecko (D:1)
  A bat (D:1)
  4 goblins (D:1)
  3 hobgoblins (D:1)
  A kobold (D:1)
  3 frilled lizards (D:1)
  3 rats (D:1)
16 creatures vanquished.

Notes
Turn   | Place    | Note
-------+----------+-------------------------------------------
     0 | D:1      | Canardh the Spriggan Enchanter began the quest for the Orb.
     0 | D:1      | Reached XP level 1. HP: 9/9 MP: 5/5
   515 | D:1      | Reached XP level 2. HP: 13/13 MP: 6/6
   539 | D:1      | Learned a level 2 spell: Ensorcelled Hibernation
   955 | D:1      | Killed from afar by a dart slug

Vault maps used:
D:1:      dpeg_arrival_lava_temple_mockup, minmay_misc_feat_enclosed

Skill      XL: |  1  2 |
---------------+-------+-----
Spellcasting   | 3 |  3.1
Hexes          | 4 |  4.0
Short Blades   | |  1.2
Dodging        | |  3.2
Stealth        | |  4.8

Action                   || total
-------------------------++-------
Melee: Dagger            ||    59
 Cast: Corona            ||    13
       Ensorcelled Hiber ||     7
 Stab: Sleeping          ||     7
Armor: Robe              ||    22
Dodge: Dodged            ||    68
